cohdb
Replays
Latest Replays
All Replays
Popular Replays
Top Player Replays
Match Explorer
How It Works
Community
CoH3 Stats
Reddit
Sign in to upload your games and track your stats! →
Sign in with Steam
Match 46052746
Unlisted
Match 46052746
Overview
Messages
Build Orders
End
Construct Weapon Support Center
Selects Heavy Weapons
Bazooka Squad
Engineer Squad
M1919 Machine Gun Team
Construct Barracks
Riflemen Squad
Improved M9 Bazooka Rockets
Selects Assault Carriers
Air Support Center
M1 Mortar Team
YanKee
ww26282006
Nativefaith
old tiger
nobodynonono
Prohor
matrix4x4
铱星
0
0
Comments
sign in to comment!
No comments posted yet!